 Dungeon Crawl Stone Soup version 0.20.1-1-g8b1a95d (console) character file.

5332 hilaritas the Basher (level 10, 0/64 HPs)
             Began as a Gargoyle Fighter on Nov 4, 2017.
             Was a High Priest of Okawaru.
             Killed from afar by a steam dragon (20 damage)
             ... with a ball of steam
             ... on level 8 of the Dungeon.
             The game lasted 00:19:23 (8004 turns).

hilaritas the Basher (Gargoyle Fighter)             Turns: 8004, Time: 00:19:24

Health: 0/64       AC: 25    Str: 24    XL:     10   Next: 64%
Magic:  12/14      EV: 12    Int: 10    God:    Okawaru [*****.]
Gold:   427        SH: 14    Dex:  9    Spells: 9/9 levels left

rFire    . . .     SeeInvis .   v - +1 flail (protect)
rCold    . . .     Gourm    .   c - +1 shield
rNeg     + . .     Faith    .   b - +0 scale mail
rPois    ∞         Spirit   .   (no helmet)
rElec    +         Reflect  .   p - scarf {repulsion}
rCorr    .         Harm     .   D - +0 pair of gloves
MR       .....                  r - +0 pair of boots
Stlth    +.........             (no amulet)
Regen    0.2/turn               a - +2 ring of strength
MPRegen  0.2/turn               (no ring)

@: heroism, protection aura, repel missiles
A: negative energy resistance 1, electricity resistance, unbreathing,
petrification resistance, rot immunity, AC +7
a: Heroism, Finesse, Renounce Religion


You were on level 8 of the Dungeon.
You worshipped Okawaru.
Okawaru was extremely pleased with you.
You were not hungry.

You visited 2 branches of the dungeon, and saw 9 of its levels.
You also visited: Ossuary.

You collected 462 gold pieces.
You spent 35 gold pieces at shops.

Inventory:

Hand Weapons
 v - a +1 flail of protection (weapon)
Missiles
 u - 2 javelins (quivered)
Armour
 b - a +0 scale mail (worn)
 c - a +1 shield (worn)
 p - a scarf of repulsion (worn)
 r - a +0 pair of boots (worn)
 D - a +0 pair of gloves (worn)
Jewellery
 a - a +2 ring of strength (left hand)
Wands
 s - a wand of confusion (48/48)
 w - a wand of iceblast (4/15)
 y - a wand of polymorph (9/24)
 z - a wand of iceblast (2/15)
 J - a wand of iceblast (8/15)
Scrolls
 e - 3 scrolls of magic mapping
 h - 2 scrolls of enchant armour
 j - a scroll of remove curse
 l - 5 scrolls of teleportation
 n - 5 scrolls of identify
 x - 2 scrolls of amnesia
 A - 2 scrolls of enchant weapon
 E - 3 scrolls of recharging
 I - a scroll of blinking
Potions
 d - 2 potions of might
 g - 3 potions of agility
 i - a potion of flight
 k - 2 potions of cancellation
 m - 4 potions of heal wounds
 q - 5 potions of curing
 B - 2 potions of brilliance
 C - a potion of ambrosia
 F - a potion of invisibility
 H - 2 potions of haste
Comestibles
 f - 7 bread rations
 o - 3 meat rations
 t - 4 royal jellies


   Skills:
 * Level 7.7(12.7) Fighting
 - Level 10.2(15.2) Maces & Flails
 + Level 5.0(10.0) Armour
 + Level 9.2(14.2) Shields
 * Level 5.3 Invocations


You had 9 spell levels left.
You didn't know any spells.

Dungeon Overview and Level Annotations

Branches:
Dungeon (8/15)             Temple (1/1) D:5            Lair (0/6) D:8

Altars:
Ashenzari
Dithmenos
Elyvilon
Fedhas
Kikubaaqudgha
Nemelex Xobeh
Okawaru
Qazlal
Yredelemnul

Shops:
D:4 ?

Annotations:
D:8 Erica, Maurice


Innate Abilities, Weirdness & Mutations

You are resistant to torment.
Your stone body is resilient. (AC +7)
You are immune to poison.
You resist negative energy. (rN+)
You are resistant to electric shocks. (rElec)
You can survive without breathing.
You are immune to petrification.
You are immune to rotting.


Message History

You gain the combat prowess of a mighty hero.
Erica zaps a wand.
The bolt of lightning hits you! You resist.
You closely miss Erica.
Erica is lightly wounded.
You thump Erica!
Erica is moderately wounded.
Erica casts a spell.
Erica flickers and vanishes!
Deactivating autopickup; reactivate with Ctrl-A.
You sock something! You block the steam dragon's attack.
The steam dragon claws you but does no damage.
Something hits you. Something burns you.
* * * LOW HITPOINT WARNING * * *
You barely miss something. The steam dragon closely misses you.
The steam dragon barely misses you.
You hit something. Something hits you but does no damage.
You miss something. The steam dragon breathes steam at you.
The ball of steam hits you!
You die...

#.......# #.......#
#.......# *** ######### *
**.**** *** *,,* ***,.%#,*
*,#**,** ##
,,,,%...**##.,,,* ####.
,,,,.....##.####*
##*####...#
,,,,........##.###
###.##...###.
,,,,,#.....(.....##
#.##..#####.#
*,,,,####.....({@.###....##
### ***,**
#.#.###D.((.....## *,**
###..*#########.# *** ###*
###


You could see a steam dragon.

Vanquished Creatures
  A two-headed ogre (D:8)
  The ghost of p0werm0de the Fighter, a novice MiBe of Trog (D:8)
  An unseen horror (D:7)
  A komodo dragon (D:8)
  2 hippogriffs
  A wyvern (D:8)
  Eustachio (D:4)
  Menkaure (D:4)
  2 black bears (D:6)
  An ice beast (D:7)
  2 sky beasts
  An ogre (D:5)
  A phantom (D:8)
  A centaur (D:8)
  A wyvern zombie (D:6)
  2 bullfrogs
  A water moccasin zombie (D:6)
  11 scorpions
  A howler monkey (D:4)
  2 centaur zombies (Ossuary)
  4 crimson imps
  3 human zombies (Ossuary)
  Crazy Yiuf (D:2)
  3 orc priests
  4 hounds
  An iguana (D:4)
  A centaur skeleton (D:4)
  3 orc wizards
  3 worker ants
  2 big kobold zombies (Ossuary)
  3 mummies (Ossuary)
  5 scorpion zombies (Ossuary)
  8 adders
  A shadow imp (D:8)
  An adder skeleton (D:4)
  2 worms
  6 dart slugs
  3 leopard geckos
  19 orcs
  3 bats
  3 giant cockroaches
  6 goblins
  5 hobgoblins
  11 jackals
  4 quokkas
  A ball python (D:1)
  2 frilled lizards (D:2)
  A gnoll zombie (Ossuary)
  2 goblin zombies (Ossuary)
  A hobgoblin zombie (Ossuary)
  10 kobolds
  4 orc zombies (Ossuary)
  A quokka skeleton (D:4)
  8 rats
170 creatures vanquished.

Vanquished Creatures (others)
  A leopard gecko (D:5)
  A butterfly (D:5)
2 creatures vanquished.

Grand Total: 172 creatures vanquished

Notes
Turn   | Place    | Note
-------+----------+-------------------------------------------
     0 | D:1      | hilaritas the Gargoyle Fighter began the quest for the Orb.
     0 | D:1      | Reached XP level 1. HP: 14/14 MP: 1/1
     8 | D:1      | Noticed an electric eel
   203 | D:1      | Reached XP level 2. HP: 15/19 MP: 2/2
   872 | D:2      | Reached skill level 3 in Maces & Flails
   874 | D:2      | Reached XP level 3. HP: 18/23 MP: 3/3
   994 | D:2      | Found a runed door.
  1348 | D:2      | Reached XP level 4. HP: 27/28 MP: 4/4
  1383 | D:2      | Found a stormy altar of Qazlal.
  1560 | D:2      | Reached skill level 4 in Maces & Flails
  1792 | D:2      | Noticed Crazy Yiuf
  1801 | D:2      | Killed Crazy Yiuf
  1801 | D:2      | Reached XP level 5. HP: 27/32 MP: 5/5
  2211 | D:3      | Found a faded altar of an unknown god.
  2449 | D:4      | Found a shadowy altar of Dithmenos.
  2484 | D:4      | Reached skill level 5 in Maces & Flails
  2493 | D:4      | Noticed Menkaure
  2505 | D:4      | Killed Menkaure
  2505 | D:4      | Reached XP level 6. HP: 25/37 MP: 6/6
  2814 | D:4      | Found Wuzycir's Magic Scroll Shop.
  2822 | D:4      | Bought a scroll of magic mapping for 35 gold pieces
  2838 | D:4      | Reached skill level 6 in Maces & Flails
  3053 | D:4      | Reached skill level 5 in Shields
  3053 | D:4      | Reached XP level 7. HP: 41/41 MP: 7/7
  3081 | D:4      | Noticed Eustachio
  3098 | D:4      | Killed Eustachio
  3098 | D:4      | Reached skill level 7 in Maces & Flails
  3599 | D:5      | Entered Level 5 of the Dungeon
  3605 | D:5      | Found a basalt altar of Yredelemnul.
  3629 | D:5      | Found a white marble altar of Elyvilon.
  3730 | D:5      | Found a staircase to the Ecumenical Temple.
  3739 | Temple   | Entered the Ecumenical Temple
  3797 | Temple   | Became a worshipper of Warmaster Okawaru
  4408 | D:6      | Reached XP level 8. HP: 43/46 MP: 8/8
  4427 | D:6      | Reached skill level 8 in Maces & Flails
  4494 | D:6      | Reached * piety under Okawaru
  4494 | D:6      | Reached skill level 1 in Invocations
  4599 | D:6      | Reached skill level 9 in Maces & Flails
  4722 | D:6      | Noticed a hippogriff
  4745 | D:6      | Killed a hippogriff
  4751 | D:6      | Reached ** piety under Okawaru
  5128 | D:6      | Reached XP level 9. HP: 34/51 MP: 10/10
  5462 | D:7      | Reached skill level 10 in Maces & Flails
  5534 | D:7      | Found a shattered altar of Ashenzari.
  5855 | D:7      | Killed an unseen horror
  5855 | D:7      | Reached *** piety under Okawaru
  6230 | D:8      | Found a sand-covered staircase.
  6234 | Ossuary  | Entered an ossuary
  6361 | Ossuary  | Reached skill level 5 in Fighting
  6479 | Ossuary  | Reached **** piety under Okawaru
  6675 | Ossuary  | Reached XP level 10. HP: 60/60 MP: 13/13
  7064 | D:8      | Noticed Maurice
  7285 | D:8      | Noticed p0werm0de's ghost (novice MiBe)
  7350 | D:8      | Killed p0werm0de's ghost
  7356 | D:8      | Reached skill level 5 in Invocations
  7935 | D:8      | Noticed a two-headed ogre
  7950 | D:8      | Killed a two-headed ogre
  7950 | D:8      | Reached ***** piety under Okawaru
  7950 | D:8      | Reached skill level 5 in Armour
  7986 | D:8      | Noticed Erica
  8004 | D:8      | Killed from afar by a steam dragon

Skill      XL: |  1  2  3  4  5  6  7  8  9 10 |
---------------+-------------------------------+-----
Maces & Flails | 3 4 5 6 7 9 10 | 10.2
Shields        | 4 5 6 7 9 |  9.2
Invocations    | 2 4 5 |  5.3
Fighting       | 5 7 |  7.7
Armour         | 4 5 |  5.0

Action                   |  1- 3 |  4- 6 |  7- 9 | 10-12 || total
-------------------------+-------+-------+-------+-------++-------
Melee: Flail             |   116 |   172 |   445 |   158 ||   891
       Unarmed           |       |       |       |    10 ||    10
Throw: Javelin           |       |       |     3 |     6 ||     9
Invok: Heroism           |       |       |     1 |     3 ||     4
  Use: Scroll            |       |     9 |     5 |     7 ||    21
       Potion            |       |       |       |     1 ||     1
  Eat: Chunk             |     2 |     5 |     9 |     4 ||    20
       Royal jelly       |       |       |     2 |       ||     2
Armor: Scale mail        |    71 |    69 |   220 |    48 ||   408
Dodge: Dodged            |    45 |    44 |   104 |    35 ||   228
       Deflected         |       |     3 |       |       ||     3
Block: Shield            |    59 |    67 |   230 |    74 ||   430
